 Dungeon Crawl Stone Soup version 0.18.1-48-g4cf74bf (webtiles) character file.

0 glosham the Skirmisher (level 1, -1/24 HPs)
             Began as an Ogre Abyssal Knight on July 27, 2016.
             Was a Follower of Lugonu.
             Slain by a bone dragon (25 damage)
             ... on level 1 of the Abyss.
             The game lasted 00:02:33 (180 turns).

glosham the Skirmisher (Ogre Abyssal Knight)         Turns: 180, Time: 00:02:35

Health: -1/24      AC:  3    Str: 16    XL:     1   Next: 0%
Magic:  2/2        EV: 10    Int: 11    God:    Lugonu [*.....]
Gold:   9          SH:  0    Dex:  9    Spells: 0 memorised, 0 levels left

rFire  . . .     SeeInvis .     a - +1 mace
rCold  . . .     Gourm    .     b - +0 robe
rNeg   . . .     Faith    .     (no shield)
rPois  .         Spirit   .     (helmet restricted)
rElec  .         Dismiss  .     (no cloak)
rCorr  .         Reflect  .     (gloves unavailable)
SustAt .         Harm     .     (boots unavailable)
MR     .....                    (no amulet)
Stlth  +.........               (no ring)
                                (no ring)

@: not resistant to hostile enchantments, very unstealthy
A: unfitting armour, tough skin 1
a: Depart the Abyss, Renounce Religion


You were on level 1 of the Abyss.
You worshipped Lugonu.
Lugonu was aware of your devotion.
You were not hungry.

You visited 0 branches of the dungeon, and saw 0 of its levels.
You visited the Abyss 1 time.

You collected 9 gold pieces.

Inventory:

Hand Weapons
 a - a +1 mace (weapon)
Armour
 b - a +0 robe (worn)
Comestibles
 c - a bread ration


   Skills:
 - Level 4.0 Fighting
 + Level 2.6 Maces & Flails
 - Level 2.1 Dodging
 - Level 2.0 Invocations


You couldn't memorise any spells.
You didn't know any spells.

Dungeon Overview and Level Annotations

Branches:
Dungeon (0/15)

Altars:


Innate Abilities, Weirdness & Mutations

You are too large for most types of armour.
You have tough skin (AC +1).


Message History

Welcome, glosham the Ogre Abyssal Knight.
It is said that the Orb of Zot exists deep within this dungeon, but nobody has ever found it.
Lugonu says: Depart the Abyss and spread corruption, my servant! (use the ability menu to exit the Abyss) Press ? for a list of commands and other information.
Found a corrupted altar of Lugonu.
Found a gateway leading out of the Abyss.
An ice devil comes into view.
Found a gateway leading out of the Abyss.
Found a scroll labeled GIKIBBU TAKISE.
You see here a scroll labeled GIKIBBU TAKISE.
d - a scroll labeled GIKIBBU TAKISE Read which item? (? for menu, Esc to quit)
Blink to where?
Press: ? - help, Dir - move target cursor You are very lightly contaminated with residual magic.
As you read the scroll labeled GIKIBBU TAKISE, it crumbles to dust.
It was a scroll of blinking.
A large abomination comes into view.
Found 9 gold pieces, a dagger and 9 stones.
You see here 9 gold pieces.
You now have 9 gold pieces.
Your magical contamination has completely faded away.
A white imp comes into view.
A large abomination comes into view.
A tentacled starspawn comes into view.
You hear a chilling moan.
Tentacles burst from the starspawn's body! 2 starspawn tentacles come into view.
A tentacle flies out from the starspawn's body!
A starspawn tentacle comes into view.
A large abomination comes into view.
A spatial vortex and an iron imp come into view.
A basilisk comes into view.
The basilisk moves out of view.
A starcursed mass comes into view.
A starcursed mass splits.
A bone dragon comes into view.
The bone dragon bites you!!
Ouch! That really hurt!
You die...

### #..# #.#. ...
.. #. ## #.#.##.#
#...@#.####
######D##..##
#.....####..##
......##.#..#..#
.#..#.....##..###
....#....###....#
. #...#.. D#...#
#.#.....#.##.#.#
##...####5# .#..#


You could see a bone dragon.

Vanquished Creatures (others)
  3 starspawn tentacles (Abyss:1)
  18 starspawn tentacle segments (Abyss:1)
21 creatures vanquished.

Notes
Turn   | Place    | Note
--------------------------------------------------------------
     0 | Abyss:1  | glosham the Ogre Abyssal Knight began the quest for the Orb.
     0 | Abyss:1  | Reached XP level 1. HP: 24/24 MP: 2/2
    59 | Abyss:1  | Noticed an ice devil
    83 | Abyss:1  | Noticed a small abomination
    85 | Abyss:1  | Noticed a large abomination
   124 | Abyss:1  | Noticed a large abomination
   134 | Abyss:1  | Noticed a tentacled starspawn
   142 | Abyss:1  | Noticed a large abomination
   143 | Abyss:1  | Noticed an iron imp
   143 | Abyss:1  | Noticed a spatial vortex
   144 | Abyss:1  | Noticed a basilisk
   155 | Abyss:1  | Noticed a starcursed mass
   165 | Abyss:1  | Noticed a bone dragon
   180 | Abyss:1  | Slain by a bone dragon

Action                   || total
-------------------------++-------
  Use: Scroll            ||     1

Table legend:
 A = Turns spent in this place as a percentage of turns spent in the entire game.
 B = Non-inter-level travel turns spent in this place as a percentage of non-inter-level travel turns spent in the entire game.
 C = Inter-level travel turns spent in this place as a percentage of turns spent in this place.
 D = Turns resting spent in this place as a percentage of non-inter-level travel turns spent in this place.
 E = Turns spent auto-exploring this place as a percentage of non-inter-level travel turns spent in this place.
 F = Non-inter-level travel turns spent in this place divided by the number of levels of this place that you've seen.
                   A       B       C       D       E      F
               +-------+-------+-------+-------+-------+----------------------
         Total | 100.0 | 100.0 |   0.0 |   0.0 |   0.0 | 181.0
         Abyss | 100.0 | 100.0 |   0.0 |   0.0 |   0.0 | 181.0
               +-------+-------+-------+-------+-------+----------------------

Vault maps used:
Abyss:1:  evilmike_abyss_exit_plants
